[Event "*** Titled Tuesday Blitz"]
[Site "Chess.com"]
[Date "2019.04.02"]
[Round "6"]
[White "Dare-Dare"]
[Black "1995Tiger"]
[Result "0-1"]
[WhiteElo "2119"]
[BlackElo "2061"]
[TimeControl "180+2"]
[EndTime "15:18:07 PDT"]
[Termination "1995Tiger won by checkmate"]

1. Nf3 Nf6 2. c4 g6 3. Nc3 Bg7 4. e4 d6 5. d4 O-O 6. h3 c5 7. d5 e6 8. Bd3 exd5 9. exd5 Re8+ 10. Be3 Na6 11. O-O Nd7 12. Bf4 Ne5 13. Nxe5 Bxe5 14.
Bxe5 Rxe5 15. Qd2 Qh4 16. f4 Re8 17. f5 Qd4+ 18. Kh1 Bxf5 19. Rad1 Bxd3 20. Qxd3 Qxd3 21.
Rxd3 f5 22. Rdf3 Nc7 23. Rg3 Re5 24. h4 Rae8 25. h5 Re3 26. Rg5 Kf7 27. hxg6+ hxg6 28. Rf3 Re1+ 29. Kh2 Kf6 30. Rgg3 g5 31. Rf2 f4 32. Rh3 g4 33. Rg3 Rh8+ 34. Rh3 g3# 0-1

[Event "*** Titled Tuesday Blitz"]
[Site "Chess.com"]
[Date "2019.04.02"]
[Round "6"]
[White "FedaMaster"]
[Black "DagurR"]
[Result "1-0"]
[WhiteElo "2614"]
[BlackElo "2527"]
[TimeControl "180+2"]
[EndTime "15:18:07 PDT"]
[Termination "FedaMaster won by resignation"]

1. e4 c5 2. d4 cxd4 3. c3 d5 4. exd5 Qxd5 5. cxd4 Nf6 6. Nc3 Qa5 7. Nf3 Bg4 8. Qb3 Bxf3 9. gxf3 Qb6 10. Qxb6 axb6 11. Bb5+ Nbd7 12. d5 O-O-O 13. Bf4 Nh5 14. Be3 e6 15. dxe6 fxe6 16. Rc1 Kb8 17. Ke2 Bc5 18. Rhd1 Ne5 19. Ne4 Bxe3 20. fxe3 Rhf8 21. f4 Ng4 22. h3 Ngf6 23. Ng5 Rxd1 24. Rxd1 Rc8 25. Nxe6 Ng3+ 26. Kf3 Nf5 27. Bd3 g6 28. Bxf5 gxf5 29. Nd4 Rc5 30. b4 Rd5 31. Rg1 Ka7 32. Rg5 Ne4 33.
Rxf5 Rxf5 34. Nxf5 Nd2+ 35. Ke2 Nc4 36. Kd3 1-0

[Event "*** Titled Tuesday Blitz"]
[Site "Chess.com"]
[Date "2019.04.02"]
[Round "6"]
[White "ristingho"]
[Black "SabinaFoisor"]
[Result "0-1"]
[WhiteElo "2481"]
[BlackElo "2216"]
[TimeControl "180+2"]
[EndTime "15:18:08 PDT"]
[Termination "SabinaFoisor won by resignation"]

1. d4 d5 2. Bf4 e6 3. e3 Bd6 4. Bg3 Nf6 5. Bd3 c5 6. c3 b6 7. Nd2 Bb7 8. Ngf3 Bxg3 9. hxg3 Nbd7 10. Qe2 Ne4 11. g4 Nxd2 12. Qxd2 c4 13. Bc2 Nf6 14.
Ne5 Ne4 15. Bxe4 dxe4 16. Nxc4 Qd5 17. Na3 Qg5 18. Qe2 O-O 19. O-O-O a5 20. Rh5 Qg6 21. Rdh1 Ba6 22. Qc2 f5 23. gxf5 Rxf5 24. f3 Rxh5 25. Rxh5 Qxh5 26. Qxe4 Qd5 27. Qg4 Qf5 28. Qg3 Rf8 29.
Nc2 Bd3 30. Ne1 Bc4 31. Qc7 Bxa2 32. Qxb6 a4 33. Qb4 Bb3 34. Qd6 Qg5 35. Kd2 Qf6 36. Nd3 Qg5 37. Ne1 Qh4 38. Ke2 Bc4+ 39. Kd1 Qf2 40. Qc5 Bb3+ 0-1

[Event "*** Titled Tuesday Blitz"]
[Site "Chess.com"]
[Date "2019.04.02"]
[Round "6"]
[White "FERNANDEZL1983"]
[Black "effefe"]
[Result "1-0"]
[WhiteElo "2444"]
[BlackElo "2262"]
[TimeControl "180+2"]
[EndTime "15:18:12 PDT"]
[Termination "FERNANDEZL1983 won by resignation"]

1. d4 Nf6 2. Nf3 g6 3. g3 Bg7 4. Bg2 O-O 5. O-O d6 6. c4 Nc6 7.
Nc3 Bf5 8. d5 Na5 9. Nd2 c5 10.
e4 Bd7 11. a4 Qc8 12. Qc2 Bh3 13. b3 Bxg2 14. Kxg2 e6 15. Bb2 exd5 16. cxd5 Qg4 17. f3 Qd7 18. Nc4 Qd8 19. Rae1 a6 20. f4 Rb8 21.
Nxa5 Qxa5 22. e5 dxe5 23. fxe5 Ng4 24. Ne4 Nxe5 25. Bxe5 Bxe5 26. Qxc5 Qd8 27. d6 Bg7 28. Qd5 Qb6 29. Ng5 Qd4 30. Rd1 Qxd5+ 31. Rxd5 Rbd8 32. d7 h6 33. Ne4 f5 34. Nc5 Rf7 35. Rfd1 b5 36.
Ne6 1-0

[Event "*** Titled Tuesday Blitz"]
[Site "Chess.com"]
[Date "2019.04.02"]
[Round "6"]
[White "XiaoKangZhong"]
[Black "Atanejhad"]
[Result "1-0"]
[WhiteElo "2118"]
[BlackElo "2185"]
[TimeControl "180+2"]
[EndTime "15:18:19 PDT"]
[Termination "XiaoKangZhong won by resignation"]

1. e4 c5 2. Nf3 g6 3. d4 cxd4 4.
Qxd4 Nf6 5. e5 Nc6 6. Qa4 Nd5 7. Qe4 Ndb4 8. Bb5 a6 9. Bxc6 Nxc6 10. O-O Bg7 11. c4 O-O 12. Rd1 d6 13. exd6 exd6 14. Nc3 Bf5 15. Qf4 Ne5 16. h3 Nd3 17. Qe3 Bxc3 18.
bxc3 Nxc1 19. Raxc1 Rc8 20. Qf4 Qc7 21. Rxd6 Qxc4 22. Qh6 f6 23. Rd4 Qf7 24. Nh4 Be6 25. Rd6 Bxa2 26. Rcd1 Rc7 27. Rd8 Re7 28. R1d6 Rxd8 29.
Rxd8+ Re8 30. Rd6 Qc7 31. Qd2 Qe7 32. Qxa2+ Kg7 33. Rd1 Rc8 34. Qb2 Qc7 35. Nf3 Qxc3 36. Qxb7+ Rc7 37. Rd7+ Rxd7 38. Qxd7+ Kh6 39. Qf7 a5 40. Qf8+ 1-0

[Event "*** Titled Tuesday Blitz"]
[Site "Chess.com"]
[Date "2019.04.02"]
[Round "6"]
[White "Gentlejimmy7"]
[Black "KarstenHansch"]
[Result "0-1"]
[WhiteElo "2408"]
[BlackElo "2309"]
[TimeControl "180+2"]
[EndTime "15:18:20 PDT"]
[Termination "KarstenHansch won by resignation"]

1. d4 Nf6 2. Nf3 g6 3. Bg5 Bg7 4. Nbd2 O-O 5. e3 d6 6. Bd3 c5 7. c3 b6 8. O-O Bb7 9. a4 Nbd7 10. a5 a6 11. axb6 Qxb6 12. Nc4 Qc7 13. Na5 h6 14. Bh4 Rfb8 15. Nxb7 Qxb7 16. Ra2 e5 17.
Be2 cxd4 18. cxd4 Qd5 19. Rxa6 Rxa6 20. Bxa6 e4 21. Nd2 Rxb2 22. Bc4 Qa5 23. Nb1 d5 24. Qc1 Rxb1 25. Qxb1 dxc4 26. Rc1 Nb6 27. Bxf6 Bxf6 28. Qxe4 c3 29. Qc6 Nd5 30. g3 Qa3 31. Rb1 Qa2 32.
Rb8+ Kh7 33. Qe8 Ne7 34. Qxf7+ Qxf7 0-1

[Event "*** Titled Tuesday Blitz"]
[Site "Chess.com"]
[Date "2019.04.02"]
[Round "6"]
[White "SoltaniciR"]
[Black "pedro_gines"]
[Result "0-1"]
[WhiteElo "2575"]
[BlackElo "2451"]
[TimeControl "180+2"]
[EndTime "15:18:32 PDT"]
[Termination "pedro_gines won by resignation"]

1. e4 c6 2. Nf3 d5 3. Nc3 Bg4 4. h3 Bxf3 5. Qxf3 e6 6. d4 dxe4 7. Nxe4 Qxd4 8. Bg5 Qe5 9. O-O-O Nd7 10. Bc4 Ngf6 11.
Nxf6+ Nxf6 12. Bf4 Qe4 13. Qxe4 Nxe4 14. Rhe1 Nf6 15.
g4 Be7 16. g5 Nd5 17. Bd2 O-O-O 18. h4 Bc5 19. Re2 Nb6 20. Bd3 Rd5 21. h5 g6 22. Rh1 Be7 23. hxg6 fxg6 24. Bxg6 Bxg5 25.
Rxh7 Rxh7 26. Bxh7 Rxd2 27. Rxd2 Nc4 28. b3 Nxd2 29. Kd1 Nb1 30. a4 Nc3+ 31. Ke1 Kc7 32.
Bg8 Kd6 33. Kf1 b5 34. axb5 cxb5 35. Kg2 a5 0-1

[Event "*** Titled Tuesday Blitz"]
[Site "Chess.com"]
[Date "2019.04.02"]
[Round "6"]
[White "Oleg_Papayan"]
[Black "pedromartinez91"]
[Result "1-0"]
[WhiteElo "2515"]
[BlackElo "2494"]
[TimeControl "180+2"]
[EndTime "15:18:35 PDT"]
[Termination "Oleg_Papayan won by resignation"]

1. e4 c5 2. Nf3 Nc6 3. d4 cxd4 4. Nxd4 g6 5. Nxc6 bxc6 6. Qd4 Nf6 7. e5 Ng8 8. e6 Nf6 9. exf7+ Kxf7 10. Nc3 Bg7 11. Bg5 Qb6 12. Bc4+ d5 13. Qxb6 axb6 14. Bxf6 exf6 15. Bd3 Re8+ 16. Kd1 b5 17. Re1 Be6 18. Ne2 f5 19. c3 b4 20. Kc2 bxc3 21. bxc3 Ra3 22.
Nd4 Rxc3+ 23. Kxc3 c5 24. Rab1 Bxd4+ 25. Kc2 Re7 26.
f4 c4 27. Be2 Ra7 28. a4 Rxa4 29.
Rb7+ Kf6 30. Bf3 Ra2+ 31. Kd1 Ra1+ 32. Ke2 Ra2+ 33. Kd1 c3 34. Rc7 Ra1+ 35. Ke2 Rxe1+ 36. Kxe1 Bb6 37. Rc6 Ba5 38. Bxd5 c2+ 39. Ke2 c1=N+ 40. Ke3 Kg7 41. Bxe6 Bb4 42. Rxc1 1-0

[Event "*** Titled Tuesday Blitz"]
[Site "Chess.com"]
[Date "2019.04.02"]
[Round "6"]
[White "Alex_Terzi"]
[Black "GelmanAlexander"]
[Result "1-0"]
[WhiteElo "2422"]
[BlackElo "2545"]
[TimeControl "180+2"]
[EndTime "15:18:38 PDT"]
[Termination "Alex_Terzi won on time"]

1. Nf3 c5 2. g3 Nf6 3. Bg2 e6 4. O-O Be7 5. d3 O-O 6. e4 Nc6 7. Nbd2 d6 8. Re1 Qc7 9. c3 b5 10. a3 Bb7 11. d4 Rac8 12. e5 Nd7 13. Qe2 cxd4 14. cxd4 dxe5 15. dxe5 b4 16. Nf1 Nc5 17. Bf4 Ba6 18. Qc2 Nd3 19. Red1 Rfd8 20. Ne3 Qb6 21. axb4 Ncxe5 22. Qa4 Nxf3+ 23. Bxf3 Bb7 24. Bxb7 Qxb7 25. Qxa7 Qf3 26. Rxd3 Rxd3 27. Qxe7 Rd2 28. Rf1 h6 29. Ng2 Rc1 30. Bxd2 1-0

[Event "*** Titled Tuesday Blitz"]
[Site "Chess.com"]
[Date "2019.04.02"]
[Round "6"]
[White "jefferyx"]
[Black "Lennis93"]
[Result "1-0"]
[WhiteElo "2893"]
[BlackElo "2367"]
[TimeControl "180+2"]
[EndTime "15:18:41 PDT"]
[Termination "jefferyx won by checkmate"]

1. d4 d5 2. c4 c6 3. Nf3 Nf6 4. cxd5 cxd5 5. Nc3 Nc6 6. Bf4 a6 7. Rc1 e6 8. e3 Bd6 9. Bxd6 Qxd6 10. Bd3 O-O 11. O-O Bd7 12. a3 Rfc8 13. Na4 Ne7 14. Nc5 Bc6 15. Ne5 Rab8 16. Qb3 Ne8 17. Qb6 Qc7 18. Qxc7 Rxc7 19. Bxa6 bxa6 20. Nxa6 Rbc8 21. Nxc7 Rxc7 22. Nxc6 Nxc6 23. Rc5 Ne7 24. Rxc7 Nxc7 25. Rc1 Na6 26. b4 Kf8 27. b5 Nb8 28. a4 Ke8 29. Rc7 Kd8 30. Rb7 Nd7 31. a5 Kc8 32. a6 Nf5 33. Rxd7 Kxd7 34. a7 Nd6 35. a8=Q Nxb5 36. Qg8 Ke7 37. Qxg7 h5 38. Qg5+ Kf8 39. Qxh5 Nd6 40. h4 Ne4 41. Qh8+ Ke7 42. h5 Nc3 43. h6 Ne2+ 44. Kh2 Nc3 45. h7 Ne4 46. Qb8 Ng5 47.
h8=Q Ne4 48. Qbd8# 1-0

[Event "*** Titled Tuesday Blitz"]
[Site "Chess.com"]
[Date "2019.04.02"]
[Round "6"]
[White "Quiet_Desperation"]
[Black "Davor_Rogic"]
[Result "1-0"]
[WhiteElo "2422"]
[BlackElo "2381"]
[TimeControl "180+2"]
[EndTime "15:18:41 PDT"]
[Termination "Quiet_Desperation won by resignation"]

1. e4 c5 2. Nf3 e6 3. d4 cxd4 4. Nxd4 Nf6 5. Nc3 d6 6. Bd3 a6 7.
O-O b5 8. a3 Bb7 9. Be3 Nbd7 10.
Kh1 Rc8 11. Nb3 Be7 12. f4 O-O 13. Rf3 Rxc3 14. bxc3 Nxe4 15. Bxe4 Bxe4 16. Rf1 Qc7 17. Bd4 e5 18. fxe5 dxe5 19. Be3 f5 20. Nd2 Bb7 21. Nb3 f4 22. Bd2 Nf6 23. Qe2 Ne4 24. Rae1 Bxa3 25. Qg4 Rf6 26. Qh5 Rg6 27. Re2 Bd6 28. Qf5 Nxd2 29.
Nxd2 Qf7 30. Qd3 Qd5 31. Qh3 Rh6 32. Qd7 Qe6 33. Qxb7 Bc5 34. Qb8+ Kf7 35. Qc7+ Kg8 36. Qxc5 1-0

[Event "*** Titled Tuesday Blitz"]
[Site "Chess.com"]
[Date "2019.04.02"]
[Round "6"]
[White "Anahita_Gholami"]
[Black "Andreikka"]
[Result "1-0"]
[WhiteElo "2708"]
[BlackElo "2855"]
[TimeControl "180+2"]
[EndTime "15:18:42 PDT"]
[Termination "Anahita_Gholami won by checkmate"]

1. d4 Nf6 2. c4 g6 3. Nc3 d5 4. cxd5 Nxd5 5. Bd2 Bg7 6. e4 Nxc3 7. Bxc3 O-O 8. Qd2 Nd7 9. Nf3 b6 10. Rd1 e6 11. Qe3 Bb7 12. Bc4 Nf6 13. Nd2 Qe7 14.
O-O Rac8 15. f3 Rfd8 16. Rfe1 Nd7 17. Qf2 c5 18. d5 Bxc3 19. bxc3 Ne5 20. f4 Nxc4 21.
Nxc4 exd5 22. exd5 Qf6 23. Re5 Re8 24. Qe3 Red8 25.
d6 Rd7 26. Re7 Rcd8 27. Rxd7 Rxd7 28. Qe8+ Kg7 29. Qxd7 Qxf4 30. Qxb7 Qxc4 31. d7 Qxc3 32. d8=Q Qe3+ 33. Kh1 Qe2 34. Qdd7 Qxa2 35. Rf1 Kh6 36. Qxf7 Qe2 37. Qxh7+ Kg5 38. h4+ Kg4 39. Qbd7+ Kg3 40. Qh3# 1-0

[Event "*** Titled Tuesday Blitz"]
[Site "Chess.com"]
[Date "2019.04.02"]
[Round "6"]
[White "joppie2"]
[Black "IMRosen"]
[Result "1-0"]
[WhiteElo "2798"]
[BlackElo "2539"]
[TimeControl "180+2"]
[EndTime "15:18:44 PDT"]
[Termination "joppie2 won by resignation"]

1. e4 c5 2. Nf3 e6 3. g3 Nc6 4. d4 cxd4 5. Nxd4 Nf6 6. Bg2 h5 7. O-O h4 8. Nxc6 bxc6 9. e5 Nd5 10. c4 Nb6 11. Qg4 Qc7 12. Re1 hxg3 13. hxg3 Ba6 14. b3 O-O-O 15. a4 Bb4 16. Bd2 f5 17. exf6 Bxd2 18. Nxd2 gxf6 19. a5 Na8 20. b4 Kb8 21.
b5 cxb5 22. Reb1 Qc5 23. Qf3 d5 24. cxb5 Bb7 25. a6 Bc8 26. Qxf6 Nb6 27. Nb3 Qc7 28. Nd4 Ka8 29. Nxe6 Bxe6 30. Qxe6 Rhe8 31. Qg4 Qf7 32. Rd1 Re5 33. Ra2 Rf8 34. Rad2 Rf5 35. Qd4 Rxf2 36. Rxf2 Qe8 37. Bxd5+ Kb8 38. Rxf8 Qxf8 39. Qe5+ Kc8 40. Rc1+ Nc4 1-0

[Event "*** Titled Tuesday Blitz"]
[Site "Chess.com"]
[Date "2019.04.02"]
[Round "6"]
[White "DrRiebert"]
[Black "Genghis_K"]
[Result "1-0"]
[WhiteElo "2580"]
[BlackElo "2829"]
[TimeControl "180+2"]
[EndTime "15:18:44 PDT"]
[Termination "DrRiebert won by resignation"]

1. e4 e5 2. Nf3 Nc6 3. d4 exd4 4.
Nxd4 Nf6 5. Nxc6 bxc6 6. Bd3 d5 7. e5 Ng4 8. O-O Bc5 9. Bf4 g5 10. Bd2 h5 11. Bc3 Nxh2 12. Kxh2 g4 13. g3 h4 14. Kg2 d4 15. Be4 dxc3 16. Bxc6+ Bd7 17. Qxd7+ Qxd7 18. Bxd7+ Kxd7 19. Nxc3 Ke6 20. gxh4 Rxh4 21. Ne4 Bd4 22. Ng5+ Kf5 23. Nxf7 Rf8 24. c3 Bb6 25. e6 Kxe6 26.
Kg3 Rh5 27. Kxg4 Rb5 28. Ng5+ Kd6 29. b3 Rbf5 30. f4 Be3 31. Rad1+ Kc6 32. Ne6 R8f6 33. Rd3 Bb6 34. c4 Ra5 35. f5 Rxa2 36. Kg5 Rf7 37. Nd8+ 1-0

[Event "*** Titled Tuesday Blitz"]
[Site "Chess.com"]
[Date "2019.04.02"]
[Round "6"]
[White "vugarrasulov"]
[Black "chessking2151"]
[Result "1-0"]
[WhiteElo "2848"]
[BlackElo "2573"]
[TimeControl "180+2"]
[EndTime "15:18:45 PDT"]
[Termination "vugarrasulov won by resignation"]

1. e4 e5 2. Nf3 Nc6 3. Bc4 Nf6 4. d3 h6 5. O-O d6 6. Bb3 g5 7. c3 Bg7 8. d4 Qe7 9. Re1 O-O 10. Na3 Bg4 11.
d5 Nd8 12. Nc4 Bd7 13. Nfd2 c6 14. dxc6 Bxc6 15. Ne3 Nxe4 16. Nf5 Qf6 17. Nxe4 Qxf5 18. Nxd6 Qg6 19. Bc2 f5 20. Nxf5 Rxf5 21. g4 e4 22. gxf5 Qxf5 23. Qe2 Nf7 24. Bxe4 Qh3 25. Bxc6 bxc6 26.
Qe6 Qf3 27. Be3 Kh8 28. Bd4 Bxd4 29. cxd4 Rf8 30. Re3 Qf4 31. Qe4 Qf6 32. Rf3 Qd6 33. Re1 Kg7 34. h3 Rd8 35. Qf5 Rd7 36. Re6 Qxd4 37.
Qg6+ Kf8 38. Qxh6+ Qg7 39. Re8+ Kxe8 40. Qxg7 1-0

[Event "*** Titled Tuesday Blitz"]
[Site "Chess.com"]
[Date "2019.04.02"]
[Round "6"]
[White "ilm2034"]
[Black "MasterKroket"]
[Result "1-0"]
[WhiteElo "2428"]
[BlackElo "2373"]
[TimeControl "180+2"]
[EndTime "15:18:46 PDT"]
[Termination "ilm2034 won by checkmate"]

1. d4 Nf6 2. c4 e6 3. f3 d5 4. Nc3 Be7 5. e4 O-O 6. e5 Ne8 7. cxd5 exd5 8. Bd3 g6 9. Be3 Ng7 10. Qe2 Bf5 11. O-O-O c6 12. h4 Nd7 13. h5 Bxd3 14. Qxd3 Re8 15. hxg6 fxg6 16. Nh3 Nf8 17. g4 Rc8 18. f4 Qd7 19. Nf2 Red8 20. Kb1 c5 21.
f5 gxf5 22. Rdg1 f4 23. Bxf4 cxd4 24. Ne2 Qc6 25. Nxd4 Qc4 26. Qd2 Bc5 27. Be3 Bxd4 28. Bxd4 Nge6 29. Bc3 d4 30. Bb4 d3 31. Rc1 Qd5 32.
Bxf8 Rxc1+ 33. Rxc1 Rxf8 34. Nxd3 Rd8 35. Rd1 Qe4 36.
Qc2 Qxg4 37. Qb3 Kh8 38. Rc1 Qe4 39. Rd1 Nc5 40. Qf7 Rxd3 41. Qf8# 1-0

[Event "*** Titled Tuesday Blitz"]
[Site "Chess.com"]
[Date "2019.04.02"]
[Round "6"]
[White "BlueWizzard"]
[Black "Manukyan_Artak"]
[Result "1-0"]
[WhiteElo "2699"]
[BlackElo "2446"]
[TimeControl "180+2"]
[EndTime "15:18:48 PDT"]
[Termination "BlueWizzard won by resignation"]

1. e4 c6 2. d3 d5 3. Nf3 dxe4 4. dxe4 Qxd1+ 5. Kxd1 Bg4 6. Nd2 f6 7. h3 Bh5 8. e5 Nd7 9. Be2 Nxe5 10. Nxe5 Bxe2+ 11. Kxe2 fxe5 12. Nf3 e4 13. Ng5 Nf6 14. Ne6 Kf7 15.
Nc5 b6 16. Nb3 e5 17. a4 a5 18. Be3 c5 19. Nd2 Bd6 20. g4 h6 21. Rag1 Bc7 22.
h4 Rh7 23. g5 hxg5 24. hxg5 Rxh1 25. Rxh1 Nd5 26. Nxe4 Rd8 27. c3 Rd7 28. Kd3 Nf4+ 29.
Kc4 Ne6 30. Rh8 Kg6 31. Re8 Kf7 32. Ra8 Kg6 33. Kb5 Kf5 34. Kc6 Rf7 35. Re8 Nd8+ 36. Rxd8 Bxd8 37. Nd6+ Ke6 38. Nxf7 Kxf7 39. Kd7 Be7 40. Kc7 Ke6 41. Kxb6 Kd5 42. Kxa5 1-0

[Event "*** Titled Tuesday Blitz"]
[Site "Chess.com"]
[Date "2019.04.02"]
[Round "6"]
[White "beatles_22"]
[Black "Konavets"]
[Result "0-1"]
[WhiteElo "2651"]
[BlackElo "2814"]
[TimeControl "180+2"]
[EndTime "15:18:49 PDT"]
[Termination "Konavets won by resignation"]

1. e4 c6 2. d4 d5 3. Nc3 g6 4.
Nf3 Bg7 5. h3 dxe4 6. Nxe4 Nf6 7. Nxf6+ Bxf6 8. Bh6 c5 9. c3 cxd4 10. Nxd4 Qb6 11. Bb5+ Bd7 12. Qe2 Bxb5 13. Qxb5+ Nd7 14. Qxb6 Nxb6 15. O-O-O O-O-O 16. Nb3 Nc4 17. Nd2 Nd6 18. Bf4 Rd7 19. Bxd6 Rxd6 20. Ne4 Rxd1+ 21. Rxd1 Be5 22. Kc2 h5 23. Ng5 Bf4 24. Nf3 h4 25. Re1 e6 26.
Re4 g5 27. Nd4 Rd8 28. Ne2 Rd2+ 29. Kb3 Bc7 30. c4 Bb6 31. Kc3 Rd1 32. c5 Bd8 33.
Re3 Rf1 34. Rf3 f5 35. Kc2 Bf6 36. Nc1 f4 37. Nb3 Rg1 38. Kd3 Rxg2 39. Ke4 Bxb2 40.
Na5 Rg1 41. Nc4 Re1+ 42. Kd3 Be5 43. Kd2 Re4 44. Kd3 Rd4+ 45. Kc3 Rd5+ 46. Kb4 Kc7 47. Rb3 Bd4 48. c6 b5 49. Na5 Bxf2 50. a4 Be1+ 51. Ka3 b4+ 52. Kb2 Rxa5 0-1

[Event "*** Titled Tuesday Blitz"]
[Site "Chess.com"]
[Date "2019.04.02"]
[Round "6"]
[White "Supernotar"]
[Black "chesstatour"]
[Result "1-0"]
[WhiteElo "2556"]
[BlackElo "2008"]
[TimeControl "180+2"]
[EndTime "15:18:50 PDT"]
[Termination "Supernotar won on time"]

1. d4 Nf6 2. c4 e6 3. Nf3 Bb4+ 4. Nbd2 O-O 5. g3 b6 6. Bg2 Bb7 7. O-O Bxd2 8. Qxd2 Ne4 9. Qc2 f5 10. b3 Nc6 11.
Bb2 Nb4 12. Qc1 a5 13. a3 Na6 14. Re1 Qe7 15. Ne5 d6 16. Nd3 Rab8 17. f3 Nf6 18.
b4 c5 19. dxc5 bxc5 20. b5 Nc7 21. a4 Na8 22. Bc3 e5 23. Bxa5 e4 24. Nf4 Rbe8 25. Bc3 g5 26. Nh3 h6 27. a5 d5 28. a6 Bc8 29. Bxf6 Rxf6 30. cxd5 Qd6 31. Qd2 Nb6 32. Rad1 f4 33. gxf4 Bxh3 34. Bxh3 gxf4 35. Kh1 Kh8 36. Rg1 e3 37. Qc3 Qe5 38. Qxe5 Rxe5 39. d6 Rf8 40. d7 Rd8 41. Rg6 1-0

[Event "*** Titled Tuesday Blitz"]
[Site "Chess.com"]
[Date "2019.04.02"]
[Round "6"]
[White "area_5"]
[Black "Hunninn"]
[Result "1-0"]
[WhiteElo "2709"]
[BlackElo "2618"]
[TimeControl "180+2"]
[EndTime "15:18:51 PDT"]
[Termination "area_5 won by resignation"]

1. e4 e5 2. Nf3 Nc6 3. Bc4 Nf6 4. Ng5 d5 5. exd5 Na5 6. Bb5+ Bd7 7. Qe2 Be7 8. Nf3 e4 9. Ne5 O-O 10. Nxd7 Nxd7 11. Qxe4 Nf6 12. Qf3 Nxd5 13. O-O c6 14. Be2 Bf6 15. Nc3 Nb4 16. Bd1 Nc4 17. a3 Nd5 18.
Nxd5 cxd5 19. Rb1 Rc8 20. Qh3 Re8 21. c3 d4 22. d3 Ne5 23. c4 b5 24. b3 Qa5 25. b4 Qc7 26. c5 a5 27. Bf4 axb4 28. axb4 Qa7 29. Bxe5 Bxe5 30. Bb3 Bf6 31. g3 g6 32. Ra1 Qe7 33. Ra5 Qe2 34. Ra7 Be7 35.
Bd5 Rcd8 36. Bc6 Rf8 37. Bxb5 Bg5 38. Bc4 Be7 39. c6 Bxb4 40. Rxf7 Rxf7 41. c7 1-0

[Event "*** Titled Tuesday Blitz"]
[Site "Chess.com"]
[Date "2019.04.02"]
[Round "6"]
[White "PawnEatingZombie"]
[Black "gemarin"]
[Result "0-1"]
[WhiteElo "2147"]
[BlackElo "2069"]
[TimeControl "180+2"]
[EndTime "15:18:55 PDT"]
[Termination "gemarin won by checkmate"]

1. d4 d5 2. c4 c6 3. Nc3 Nf6 4. e3 Bf5 5. cxd5 Nxd5 6. Nge2 Nxc3 7. Nxc3 Nd7 8. e4 Bg6 9. Be3 e5 10. dxe5 Nxe5 11. Qb3 Qb8 12. Be2 f6 13. f4 Bf7 14.
Qc2 Nc4 15. Bf2 Qxf4 16. O-O Qd2 17. Qxd2 Nxd2 18. Rad1 Nc4 19. Bg4 Ne5 20. Bf5 Bb4 21. Bg3 O-O 22. Bxe5 fxe5 23. Rd7 Bc4 24. Rfd1 b6 25. a3 Bc5+ 26. Kh1 Bd4 27. h4 g6 28. Bg4 Rf4 29. Bf3 Rxh4# 0-1

[Event "*** Titled Tuesday Blitz"]
[Site "Chess.com"]
[Date "2019.04.02"]
[Round "6"]
[White "nutibara"]
[Black "VeraNebolsina"]
[Result "1-0"]
[WhiteElo "2394"]
[BlackElo "2398"]
[TimeControl "180+2"]
[EndTime "15:18:59 PDT"]
[Termination "nutibara won by resignation"]

1. e4 c5 2. Nf3 d6 3. d4 cxd4 4.
Nxd4 Nf6 5. Nc3 a6 6. Bc4 e6 7. Bb3 Be7 8. g4 h6 9. Be3 Nbd7 10. f4 Nc5 11. Qf3 e5 12. Nf5 Bxf5 13. exf5 Qa5 14. O-O-O e4 15. Qg2 Nxb3+ 16. cxb3 Rc8 17. Kb1 Rxc3 18.
bxc3 Nd5 19. Bd4 O-O 20. Qxe4 Rc8 21. Rc1 Bf6 22. Bxf6 gxf6 23. Qd4 Nxc3+ 24. Rxc3 Rxc3 25. Qxf6 Rh3 26. Rc1 1-0

[Event "*** Titled Tuesday Blitz"]
[Site "Chess.com"]
[Date "2019.04.02"]
[Round "6"]
[White "grzechu96"]
[Black "GMKrikor"]
[Result "1-0"]
[WhiteElo "2566"]
[BlackElo "2725"]
[TimeControl "180+2"]
[EndTime "15:19:03 PDT"]
[Termination "grzechu96 won by resignation"]

1. e4 c5 2. Nf3 e6 3. b3 a6 4. Bb2 Nc6 5. g3 d6 6. Bg2 Nf6 7.
Qe2 Be7 8. O-O O-O 9. d4 cxd4 10. Nxd4 Bd7 11. Rd1 Qc7 12. Nf3 b5 13. Nbd2 Rfc8 14. c4 Rab8 15. e5 dxe5 16. Nxe5 Rb7 17. cxb5 axb5 18. Rac1 Qb6 19. Ne4 Nd5 20. Nxd7 Rxd7 21. Qg4 g6 22. Qf3 Rcd8 23. h4 f5 24. Ng5 Ncb4 25. a3 Na2 26. Ra1 Bxg5 27. hxg5 1-0

[Event "*** Titled Tuesday Blitz"]
[Site "Chess.com"]
[Date "2019.04.02"]
[Round "6"]
[White "Eliwood44"]
[Black "GCamachoMartinez"]
[Result "1-0"]
[WhiteElo "2256"]
[BlackElo "2348"]
[TimeControl "180+2"]
[EndTime "15:19:04 PDT"]
[Termination "Eliwood44 won on time"]

1. d4 d5 2. Nf3 Nf6 3. c4 dxc4 4. e3 e6 5. Bxc4 c5 6. Qe2 Nc6 7. O-O cxd4 8. Rd1 Be7 9. Nxd4 Nxd4 10. Rxd4 Qc7 11. Nc3 a6 12. e4 b5 13. Bb3 Bb7 14.
e5 Qc6 15. Qf1 Bc5 16. Rh4 Nd7 17. Ne4 Nxe5 18. Nxc5 Qxc5 19. Be3 Qc6 20. Rc1 Nf3+ 21. Kh1 Nxh4 22. Rxc6 Bxc6 23. f3 O-O 24. Qf2 Ng6 25. h4 h6 26. h5 Ne7 27. Bc2 Nf5 28. Bxf5 exf5 29. Qg3 Kh8 30. Bd4 f6 31. Be3 Be8 32. Qh3 Bd7 33. Bf4 Rae8 34. Qg3 Rf7 35. Qg6 Rfe7 36.
Bxh6 gxh6 37. Qxh6+ Rh7 38. Qxf6+ Kg8 39. h6 Be6 40. Qg6+ Kh8 41. Qxe8+ 1-0

[Event "*** Titled Tuesday Blitz"]
[Site "Chess.com"]
[Date "2019.04.02"]
[Round "6"]
[White "TST2014"]
[Black "nochewycandy"]
[Result "1-0"]
[WhiteElo "2518"]
[BlackElo "2373"]
[TimeControl "180+2"]
[EndTime "15:19:05 PDT"]
[Termination "TST2014 won on time"]

1. d4 Nf6 2. c4 g6 3. Nf3 Bg7 4. Nc3 O-O 5. e4 d6 6. Be2 e5 7. O-O Nc6 8. d5 Ne7 9. b4 a5 10. bxa5 c5 11. a4 Rxa5 12. Ra3 Ne8 13. Nd2 f5 14. Nb3 Ra6 15. a5 Nf6 16. f3 f4 17. Nb5 h5 18. Ra2 g5 19. Ba3 Ng6 20.
Nxc5 dxc5 21. Bxc5 Rxa5 22. Rxa5 Qxa5 23. Bxf8 Bxf8 24. d6 Bd7 25. Qb3 Bxb5 26. c5+ Kg7 27. Bxb5 Qa7 28. d7 Bxc5+ 29. Kh1 Qb6 30. Rd1 Be7 31.
Qc4 Nf8 32. Ba4 g4 33. Bb3 N8xd7 34. Qf7+ Kh6 35. Be6 gxf3 36. Bxd7 Qf2 37. Bh3 1-0

[Event "*** Titled Tuesday Blitz"]
[Site "Chess.com"]
[Date "2019.04.02"]
[Round "6"]
[White "Alex_Molchanov"]
[Black "Didici"]
[Result "0-1"]
[WhiteElo "2459"]
[BlackElo "2602"]
[TimeControl "180+2"]
[EndTime "15:19:06 PDT"]
[Termination "Didici won by checkmate"]

1. c4 e5 2. g3 c6 3. d4 e4 4. Nc3 d5 5. Qb3 Nf6 6. Bg5 Nbd7 7. cxd5 cxd5 8. e3 Bd6 9. Nge2 h6 10. Bxf6 Nxf6 11.
Nf4 Bxf4 12. gxf4 O-O 13. Rg1 Be6 14. Be2 a6 15. Na4 Nd7 16. Nc3 b5 17. f5 Bxf5 18. Qxd5 Be6 19. Qxe4 b4 20. Na4 Qa5 21. b3 Rac8 22.
Bd3 Nf6 23. Qg2 g5 24. h4 g4 25. Qg3 Bf5 26. Be2 h5 27. Qf4 Ne4 28. f3 Nc3 29. fxg4 Bg6 30. gxh5 Nxe2 31. Kxe2 Qxh5+ 32. Ke1 Rc2 33. Qg4 Qb5 34. h5 Qd3 35. Rg3 Qd2+ 36. Kf1 Qf2# 0-1

[Event "*** Titled Tuesday Blitz"]
[Site "Chess.com"]
[Date "2019.04.02"]
[Round "6"]
[White "Slovak_fighter2000"]
[Black "Shahinyan_ChessMood"]
[Result "0-1"]
[WhiteElo "2475"]
[BlackElo "2601"]
[TimeControl "180+2"]
[EndTime "15:19:08 PDT"]
[Termination "Shahinyan_ChessMood won by resignation"]

1. d4 Nf6 2. Bg5 Ne4 3. Bf4 c5 4. e3 d5 5. Nd2 Nxd2 6. Qxd2 Nc6 7. c3 Bf5 8. Nf3 e6 9. Bb5 Be7 10. O-O O-O 11. dxc5 Bxc5 12. Nd4 Nxd4 13. cxd4 Bd6 14. Bxd6 Qxd6 15. Bd3 Bxd3 16. Qxd3 Rac8 17. Rfc1 Rc7 18. Rc3 Rfc8 19. Rac1 g6 20. h3 a6 21. R1c2 h5 22. Qd2 Rc4 23. b3 Rxc3 24. Rxc3 Rxc3 25. Qxc3 Kg7 26. b4 Qd7 27. g3 Qa4 28. Qb3 Qxb3 29. axb3 Kf8 30. g4 hxg4 31. hxg4 Ke7 32. g5 Kd6 33.
Kg2 Kc6 34. Kg3 Kb5 35. Kf4 Kxb4 36. Ke5 b5 37. Kf6 a5 38. Kxf7 a4 39. bxa4 bxa4 40. Kxg6 a3 41. Kf7 a2 42. g6 a1=Q 43. g7 Qa7+ 44.
Kf8 Qb8+ 45. Kf7 Qc7+ 46. Kf8 Qd8+ 47. Kf7 Qd7+ 48. Kf8 Qd6+ 49. Kf7 Qc7+ 50. Kf8 e5 51. dxe5 Qd8+ 52. Kf7 Qd7+ 53. Kf8 Qf5+ 54. Ke7 Qxe5+ 55. Kf7 Qf5+ 56. Ke7 Qg6 57. Kf8 Qf6+ 58. Kg8 Qxf2 59. Kh7 Qxe3 60. g8=Q Qh3+ 0-1